 Dungeon Crawl Stone Soup version 0.30-a0-135-g630cfc4551 (webtiles) character file.

Game seed: 15863615039851274484

1990 sanka the Ruffian (level 9, -3/74 HPs)
             Began as a Gnoll Cinder Acolyte on Sept 20, 2022.
             Was a High Priest of Ignis.
             Slain by a killer bee (4 damage)
             ... on level 7 of the Dungeon.
             The game lasted 00:06:56 (7446 turns).

sanka the Ruffian (Gnoll Cinder Acolyte)            Turns: 7446, Time: 00:06:57

Health: -3/74      AC:  3    Str: 14    XL:     9   Next: 21%
Magic:  1/16       EV: 13    Int: 13    God:    Ignis [*****.]
Gold:   417        SH:  0    Dex: 12    Spells: 13/18 levels left

rFire   + . .      SeeInvis +      - Unarmed
rCold   . . .      Faith    .    (no shield)
rNeg    . . .      Spirit   .    a - +0 robe
rPois   .          Reflect  .    t - +0 helmet
rElec   .          Harm     .    (no cloak)
rCorr   .          Rampage  .    (no gloves)
Will    +....                    (no boots)
Stlth   ++........               u - amulet of the acrobat
HPRegen 0.22/turn                y - ring of willpower
MPRegen 0.15/turn                j - ring of see invisible

@: lethally poisoned (-3 -> -10)
A: fangs 1, strong nose, distributed training
a: Renounce Religion, Fiery Armour, Foxfire Swarm, Rising Flame


You were on level 7 of the Dungeon.
You worshipped Ignis.
Ignis was extremely pleased with you.
You visited 1 branch of the dungeon, and saw 7 of its levels.

You collected 417 gold pieces.


Innate Abilities, Weirdness & Mutations

You have very sharp teeth.
Your uncanny sense of smell can sniff out nearby items.
Your experience applies equally to all skills.


   Skills:
 + Level 7.8 Fighting
 + Level 4.1 Short Blades
 + Level 4.1 Long Blades
 + Level 4.1 Axes
 + Level 4.1 Maces & Flails
 + Level 4.1 Polearms
 + Level 4.1 Staves
 + Level 4.1 Ranged Weapons
 + Level 4.1 Throwing
 + Level 4.1 Armour
 + Level 4.1 Dodging
 + Level 4.1 Stealth
 + Level 4.1 Shields
 + Level 7.8 Unarmed Combat
 + Level 5.1 Spellcasting
 + Level 3.4 Conjurations
 + Level 3.4 Hexes
 + Level 3.4 Summonings
 + Level 3.4 Necromancy
 + Level 3.4 Translocations
 + Level 3.4 Transmutations
 + Level 6.5 Fire Magic
 + Level 3.4 Ice Magic
 + Level 3.4 Air Magic
 + Level 3.4 Earth Magic
 + Level 3.4 Poison Magic
 + Level 4.6 Invocations
 + Level 4.1 Evocations


You had 13 spell levels left.
You knew the following spells:

 Your Spells              Type           Power      Damage    Failure   Level
y - Scorch                Fire           40%        2d7       1%          2
z - Spider Form           Tmut/Pois      12%        N/A       14%         3

Your spell library contained the following spells:

 Spells                   Type           Power      Damage    Failure   Level
 Beastly Appendage        Tmut           24%        N/A       4%          1
 Wereblood                Tmut           12%        N/A       7%          2
 Ozocubu's Armour         Ice            12%        N/A       14%         3
 Summon Forest            Summ/Tloc      6%         N/A       77%         5
 Summon Mana Viper        Hex/Summ       12%        N/A       77%         5
 Summon Cactus Giant      Summ           6%         N/A       100%        6
 Ozocubu's Refrigeration  Ice            6%         4d8       100%        7

Inventory:

Missiles
 w - 6 curare-tipped darts {=f}
Armour
 a - a +0 robe (worn)
 t - a +0 helmet (worn)
Magical Staves
 g - a staff of earth
Jewellery
 j - a ring of see invisible (right hand)
 m - a ring of fire
 u - an amulet of the acrobat (around neck)
 y - a ring of willpower (left hand)
Wands
 s - a wand of charming (9)
 v - a wand of roots (9)
Scrolls
 b - 3 scrolls of identify {unknown}
 f - 2 scrolls of poison {unknown}
 k - a scroll of enchant armour {unknown}
 n - 2 scrolls of noise {unknown}
 o - 3 scrolls of teleportation {unknown}
 p - 3 scrolls of torment {unknown}
 q - a scroll of vulnerability {unknown}
 x - 2 scrolls of summoning {unknown}
Potions
 c - 4 potions of curing {unknown}
 d - 2 potions of might {unknown}
 e - 2 potions of haste {@q3}
 h - a potion of heal wounds {unknown}
 i - 2 potions of ambrosia {unknown}
 l - 2 potions of attraction {unknown}
 r - a potion of berserk rage {unknown}
 z - a potion of flight {unknown}

Dungeon Overview and Level Annotations

Branches:
Dungeon (7/15)             Temple (0/1) D:5

Altars:
Dithmenos
Kikubaaqudgha
Nemelex Xobeh
Okawaru
Wu Jian

Shops:
D:4

( ........▒▒▒▒▒ ▒▒†▒▒
............▒▒▒▒ ▒▒).▒
...............▒▒▒ ▒▒▒.)▒▒ ▒
.................▒▒▒...▒▒ ▒
......../..............▒ ▒▒
......................▒▒ ▒▒.
.......................▒▒ ▒▒..
........................▒ ▒▒...
...............yg.......▒▒ ▒▒...▒
...............y)........▒▒▒...▒▒
.........................▒▒....▒
.............)).)........▒▒...▒▒
.........................▒▒...▒
.........................▒▒▒<.▒
.........................▒ ▒..▒
........................▒▒ ▒..▒
..........▒▒ ▒..▒▒


You could see 2 killer bees.


Message History

* * * LOW HITPOINT WARNING * * *
The killer bee stings you!
* * * LOW HITPOINT WARNING * * *
You hit the killer bee. Your punch misses the killer bee.
The killer bee is severely wounded.
* * * LOW HITPOINT WARNING * * *
You feel very sick. The killer bee stings you.
* * * LOW HITPOINT WARNING * * *
The killer bee stings you.
* * * LOW HITPOINT WARNING * * *
The killer bee misses you. The killer bee barely misses you.
You barely miss the killer bee.
The killer bee is heavily wounded.
* * * LOW HITPOINT WARNING * * *
You feel very sick. The killer bee closely misses you.
The killer bee closely misses you. The killer bee closely misses you.
The killer bee stings you.
* * * LOW HITPOINT WARNING * * *
You closely miss the killer bee. Your bite misses the killer bee.
The killer bee is heavily wounded.
* * * LOW HITPOINT WARNING * * *
You feel sick. The killer bee stings you.
You die...

Action                   |  1- 3 |  4- 6 |  7- 9 || total
-------------------------+-------+-------+-------++-------
Melee: Unarmed           |    55 |    90 |    34 ||   179
       Bite              |    10 |     9 |     2 ||    21
       Punch             |     2 |     7 |     1 ||    10
 Cast: Scorch            |    16 |    46 |    72 ||   134
Invok: Fiery Armour      |       |       |     1 ||     1
 Stab: Sleeping          |       |     5 |     1 ||     6
Armor: Robe              |     6 |    11 |    16 ||    33
Dodge: Dodged            |    35 |    55 |    92 ||   182

Levels and vault maps discovered:
D:1:      giann_horns, layout_loops_ring, hangedman_glass_teeth
D:2:      layout_basic, ebering_ecumenical_altar_sacrificial, basic_altar
D:3:      cheibrodos_old_hovel, layout_basic, chequers_jeans, hex_large,
          uniq_jessica
D:4:      layout_rooms, pdpol_wu_jian_five_deadly_venoms, serial_shops,
          kennysheep_little_box, kennysheep_generic_room_5
D:5:      layout_basic, okawaru_gym_becter, tgw_kikubaaqudgha, temple_statues,
          serial_bayou_pond_c, hangedman_abyss_or_decor_stabs,
          roderic_filled_cross, minmay_mini_ossuary
D:6:      layout_cave_pools, nicolae_dithmenos_the_darkroom
D:7:      layout_layer_cave

Notes
Turn   | Place    | Note
-------+----------+-------------------------------------------
     0 | D:1      | sanka the Gnoll Cinder Acolyte began the quest for the Orb.
     0 | D:1      | Reached XP level 1. HP: 23/23 MP: 4/4
   340 | D:1      | Reached XP level 2. HP: 26/29 MP: 5/5
   343 | D:1      | Learned a level 2 spell: Scorch
  1164 | D:2      | Found a faded altar of an unknown god.
  1241 | D:2      | Reached XP level 3. HP: 34/35 MP: 1/7
  1357 | D:2      | Reached skill level 1 in Invocations
  1600 | D:2      | Reached skill level 1 in Short Blades
  1600 | D:2      | Reached skill level 1 in Long Blades
  1600 | D:2      | Reached skill level 1 in Axes
  1600 | D:2      | Reached skill level 1 in Maces & Flails
  1600 | D:2      | Reached skill level 1 in Polearms
  1600 | D:2      | Reached skill level 1 in Staves
  1600 | D:2      | Reached skill level 1 in Ranged Weapons
  1600 | D:2      | Reached skill level 1 in Throwing
  1600 | D:2      | Reached skill level 1 in Armour
  1600 | D:2      | Reached skill level 1 in Dodging
  1600 | D:2      | Reached skill level 1 in Stealth
  1600 | D:2      | Reached skill level 1 in Shields
  1600 | D:2      | Reached skill level 1 in Evocations
  1610 | D:2      | Reached XP level 4. HP: 41/41 MP: 0/8
  1711 | D:2      | Reached skill level 3 in Spellcasting
  1713 | D:2      | Reached skill level 1 in Conjurations
  1713 | D:2      | Reached skill level 1 in Hexes
  1713 | D:2      | Reached skill level 1 in Summonings
  1713 | D:2      | Reached skill level 1 in Necromancy
  1713 | D:2      | Reached skill level 1 in Translocations
  1713 | D:2      | Reached skill level 1 in Transmutations
  1713 | D:2      | Reached skill level 1 in Ice Magic
  1713 | D:2      | Reached skill level 1 in Air Magic
  1713 | D:2      | Reached skill level 1 in Earth Magic
  1713 | D:2      | Reached skill level 1 in Poison Magic
  2129 | D:2      | Found a sparkling altar of Nemelex Xobeh.
  2499 | D:3      | Reached XP level 5. HP: 45/47 MP: 0/9
  2723 | D:3      | Noticed Jessica
  2734 | D:3      | Killed Jessica
  2956 | D:3      | Reached skill level 2 in Invocations
  3261 | D:3      | Reached XP level 6. HP: 25/53 MP: 0/11
  3608 | D:4      | Reached skill level 2 in Short Blades
  3608 | D:4      | Reached skill level 2 in Long Blades
  3608 | D:4      | Reached skill level 2 in Axes
  3608 | D:4      | Reached skill level 2 in Maces & Flails
  3608 | D:4      | Reached skill level 2 in Polearms
  3608 | D:4      | Reached skill level 2 in Staves
  3608 | D:4      | Reached skill level 2 in Ranged Weapons
  3608 | D:4      | Reached skill level 2 in Throwing
  3608 | D:4      | Reached skill level 2 in Armour
  3608 | D:4      | Reached skill level 2 in Dodging
  3608 | D:4      | Reached skill level 2 in Stealth
  3608 | D:4      | Reached skill level 2 in Shields
  3608 | D:4      | Reached skill level 2 in Evocations
  3873 | D:4      | Found Dueproot's Antique Weapon Shop.
  4010 | D:4      | Found an ornate altar of the Wu Jian Council.
  4160 | D:4      | Reached skill level 7 in Fighting
  4160 | D:4      | Reached skill level 7 in Unarmed Combat
  4160 | D:4      | Reached XP level 7. HP: 24/60 MP: 2/12
  4162 | D:4      | Reached skill level 2 in Conjurations
  4162 | D:4      | Reached skill level 2 in Hexes
  4162 | D:4      | Reached skill level 2 in Summonings
  4162 | D:4      | Reached skill level 2 in Necromancy
  4162 | D:4      | Reached skill level 2 in Translocations
  4162 | D:4      | Reached skill level 2 in Transmutations
  4162 | D:4      | Reached skill level 2 in Ice Magic
  4162 | D:4      | Reached skill level 2 in Air Magic
  4162 | D:4      | Reached skill level 2 in Earth Magic
  4162 | D:4      | Reached skill level 2 in Poison Magic
  4649 | D:5      | Entered Level 5 of the Dungeon
  4684 | D:5      | Reached skill level 3 in Invocations
  4809 | D:5      | Reached skill level 4 in Spellcasting
  4954 | D:5      | Found a staircase to the Ecumenical Temple.
  5000 | D:5      | Found an ancient bone altar of Kikubaaqudgha.
  5001 | D:5      | Noticed a human
  5004 | D:5      | Killed a human
  5122 | D:5      | Reached skill level 6 in Fire Magic
  5158 | D:5      | Reached skill level 3 in Short Blades
  5158 | D:5      | Reached skill level 3 in Long Blades
  5158 | D:5      | Reached skill level 3 in Axes
  5158 | D:5      | Reached skill level 3 in Maces & Flails
  5158 | D:5      | Reached skill level 3 in Polearms
  5158 | D:5      | Reached skill level 3 in Staves
  5158 | D:5      | Reached skill level 3 in Ranged Weapons
  5158 | D:5      | Reached skill level 3 in Throwing
  5158 | D:5      | Reached skill level 3 in Armour
  5158 | D:5      | Reached skill level 3 in Dodging
  5158 | D:5      | Reached skill level 3 in Stealth
  5158 | D:5      | Reached skill level 3 in Shields
  5158 | D:5      | Reached skill level 3 in Evocations
  5158 | D:5      | Reached XP level 8. HP: 67/67 MP: 7/14
  5374 | D:5      | Found an iron altar of Okawaru.
  5930 | D:6      | Learned a level 3 spell: Spider Form
  6242 | D:6      | Reached skill level 3 in Conjurations
  6242 | D:6      | Reached skill level 3 in Hexes
  6242 | D:6      | Reached skill level 3 in Summonings
  6242 | D:6      | Reached skill level 3 in Necromancy
  6242 | D:6      | Reached skill level 3 in Translocations
  6242 | D:6      | Reached skill level 3 in Transmutations
  6242 | D:6      | Reached skill level 3 in Ice Magic
  6242 | D:6      | Reached skill level 3 in Air Magic
  6242 | D:6      | Reached skill level 3 in Earth Magic
  6242 | D:6      | Reached skill level 3 in Poison Magic
  6242 | D:6      | Reached skill level 4 in Invocations
  6356 | D:6      | Found a shadowy altar of Dithmenos.
  7192 | D:7      | Reached XP level 9. HP: 64/73 MP: 9/16
  7279 | D:7      | Reached skill level 4 in Short Blades
  7279 | D:7      | Reached skill level 4 in Long Blades
  7279 | D:7      | Reached skill level 4 in Axes
  7279 | D:7      | Reached skill level 4 in Maces & Flails
  7279 | D:7      | Reached skill level 4 in Polearms
  7279 | D:7      | Reached skill level 4 in Staves
  7279 | D:7      | Reached skill level 4 in Ranged Weapons
  7279 | D:7      | Reached skill level 4 in Throwing
  7279 | D:7      | Reached skill level 4 in Armour
  7279 | D:7      | Reached skill level 4 in Dodging
  7279 | D:7      | Reached skill level 4 in Stealth
  7279 | D:7      | Reached skill level 4 in Shields
  7279 | D:7      | Reached skill level 5 in Spellcasting
  7279 | D:7      | Reached skill level 4 in Evocations
  7444 | D:7      | HP: 7/74 [killer bee (3)]
  7445 | D:7      | HP: 3/74 [killer bee (1)]
  7446 | D:7      | HP: 1/74 [poisoned by a killer bee]
  7446 | D:7      | Slain by a killer bee

Vanquished Creatures
  2 water moccasins
  A sky beast (D:7)
  A black bear (D:7)
  An ice beast (D:6)
  4 ogres
  A centaur (D:4)
  A kobold brigand (D:7)
  2 bullfrogs
  3 scorpions
  2 killer bees (D:7)
  2 jellies
  4 hounds
  Jessica (D:3)
  3 iguanas
  An orc wizard (D:3)
  A mummy (D:5)
  10 gnolls
  8 adders
  2 shadow imps
  A white imp (D:6)
  2 ufetubi
  A worm (D:5)
  2 dart slugs
  5 orcs
  2 bats
  11 endoplasms
  A giant cockroach (D:2)
  11 goblins
  5 hobgoblins
  4 jackals (D:3)
  11 kobolds
  2 quokkas
  5 ball pythons
  A frilled lizard (D:2)
  2 kobold zombies (D:5)
  2 orc zombies (D:5)
  7 rats
125 creatures vanquished.

Vanquished Creatures (others)
  A human (D:5)
  A plant (D:3)
2 creatures vanquished.

Grand Total: 127 creatures vanquished
